 Dungeon Crawl Stone Soup version 0.23-a0-97-g66d73a1 (webtiles) character file.

1943 galech the Cleaver (level 8, -3/64 HPs)
             Began as a Demonspawn Berserker on Aug 17, 2018.
             Was a High Priest of Trog.
             Slain by an orc warrior
             ... wielding a cursed -1 halberd
              (11 damage)
             ... on level 7 of the Dungeon.
             The game lasted 00:09:52 (4318 turns).

galech the Cleaver (Demonspawn Berserker)           Turns: 4318, Time: 00:09:54

Health: -3/64      AC:  9    Str: 17    XL:     8   Next: 98%
Magic:  8/8        EV: 13    Int: 18    God:    Trog [*****.]
Gold:   0          SH:  0    Dex: 15    Spells: 7/7 levels left

rFire    + . .     SeeInvis +   a - +0 hand axe
rCold    + + .     Gourm    .   (no shield)
rNeg     . . .     Faith    .   u - +2 leather armour {MR+}
rPois    +         Spirit   .   (helmet restricted)
rElec    .         Reflect  .   v - scarf {rC+ rF+}
rCorr    .         Harm     .   d - +0 pair of gloves
MR       +....                  (no boots)
Stlth    +.........             (no amulet)
HPRegen  1.20/turn              A - ring "Sauttuli" {*Corrode rPois rC+ Int+9 Stlth-}
MPRegen  0.11/turn              B - ring of see invisible

@: berserk cooldown, slowed, very slow
A: antennae 2, slimy green scales 2, powered by death 1, spiny 2
a: Berserk, Trog's Hand, Brothers in Arms, Renounce Religion


You were on level 7 of the Dungeon.
You worshipped Trog.
Trog was extremely pleased with you.
You were not hungry.

You visited 1 branch of the dungeon, and saw 7 of its levels.
You also visited: Sewer.

You collected 180 gold pieces.
You spent 180 gold pieces at shops.

Inventory:

Hand Weapons
 a - a +0 hand axe (weapon)
Armour
 d - a +0 pair of gloves (worn)
 u - a +2 leather armour of magic resistance (worn)
 v - a scarf of resistance (worn)
Jewellery
 A - the ring "Sauttuli" (left hand) {*Corrode rPois rC+ Int+9 Stlth-}
   (You bought it in a shop on level 6 of the Dungeon)

   [ring of protection from cold]

   It affects your intelligence (+9).
   It protects you from cold.
   It protects you from poison.
   It may corrode you when you take damage.
   It makes you less stealthy.
 B - a ring of see invisible (right hand)
Wands
 y - a wand of polymorph (7)
Scrolls
 e - 2 scrolls of fog
 f - 6 scrolls of remove curse
 i - 2 scrolls of identify
 j - a scroll of noise {unknown}
 o - 3 scrolls of teleportation
 p - a scroll of blinking {unknown}
 t - a scroll of fear {unknown}
 w - 2 scrolls of amnesia {unknown}
 x - a scroll of magic mapping {unknown}
Potions
 b - a potion of agility {unknown}
 g - a potion of flight {unknown}
 h - 2 potions of might
 k - 3 potions of curing {unknown}
 l - 5 potions of heal wounds
 m - a potion of cancellation {unknown}
 n - 2 potions of lignification {unknown}
 q - a potion of ambrosia {unknown}
 r - a potion of berserk rage {unknown}
 s - 2 potions of haste {unknown}
Comestibles
 c - 8 rations
 z - 4 chunks of flesh


   Skills:
 + Level 5.8 Fighting
 + Level 8.3 Axes
 + Level 4.2 Armour
 + Level 3.7 Dodging
 + Level 2.1 Stealth


You had 7 spell levels left.
You didn't know any spells.
Your spell library was empty.

Dungeon Overview and Level Annotations

Branches:
Dungeon (7/15)
 Temple: D:4-7

Altars:
Gozag
Kikubaaqudgha

Shops:
D:6 *(


Innate Abilities, Weirdness & Mutations

You have a pair of antennae on your head.
You are mostly covered in slimy green scales. (AC +3)
You regenerate a little health from kills.
You are mostly covered in sharp spines.


Message History

You are too injured to fight recklessly!
You are too injured to fight recklessly!
You are too injured to fight recklessly!
You are too injured to fight recklessly!
You are too injured to fight recklessly!
You are too injured to fight recklessly!
You are too injured to fight recklessly!
You're still recovering from your berserk rage.
You closely miss the orc warrior.
The orc warrior is moderately wounded.
You hit the orc. The orc is struck by your spines.
You kill the orc!
Trog accepts your kill.
The orc warrior hits you with an enchanted halberd!
* * * LOW HITPOINT WARNING * * *
You completely miss the orc warrior.
The orc warrior is moderately wounded.
The orc warrior is struck by your spines.
The orc warrior hits you with an enchanted halberd!
You die...

... #...# ####.#
... #...##.....#
#.. #..........#
#... #..........#
#... #.)))......#
#..$##...##....##
+........##....#
#)..)..<........#
#...)@........[.#
..<...o...........#
...........##.... #
.....#####.# ####
.##?# ##.# #. .# .
.# #


You could see an orc warrior.

Vanquished Creatures
  Pikel (D:6)
  An orc warrior (D:7)
  A phantom (D:6)
  A slave (D:6)
  3 ogres
  3 bullfrogs
  2 crimson imps
  A jelly (D:5)
  2 hounds (D:6)
  A centaur skeleton (D:5)
  6 orc priests
  2 iguanas
  3 orc wizards
  14 adders
  8 oozes (Sewer)
  An adder skeleton (D:4)
  2 worms
  A dart slug (D:1)
  13 leopard geckos
  32 orcs
  14 giant cockroaches
  6 goblins
  7 hobgoblins
  15 jackals
  A quokka (D:7)
  8 ball pythons
  3 bats
  9 frilled lizards
  9 kobolds
  4 rats
174 creatures vanquished.

Notes
Turn   | Place    | Note
-------+----------+-------------------------------------------
     0 | D:1      | galech the Demonspawn Berserker began the quest for the Orb.
     0 | D:1      | Reached XP level 1. HP: 18/18 MP: 1/1
   143 | D:1      | Gained mutation: You regenerate a little health from kills. [demonic ancestry]
   143 | D:1      | Reached XP level 2. HP: 22/24 MP: 2/2
   148 | D:1      | Reached skill level 3 in Axes
   687 | D:2      | Gained mutation: You are partially covered in slimy green scales. (AC +2) [demonic ancestry]
   687 | D:2      | Reached XP level 3. HP: 7/29 MP: 3/3
  1122 | D:2      | Found an opulent altar of Gozag.
  1416 | D:3      | Gained mutation: You are partially covered in sharp spines. [demonic ancestry]
  1416 | D:3      | Reached XP level 4. HP: 32/35 MP: 4/4
  1523 | D:3      | Reached ** piety under Trog
  1686 | D:3      | Reached skill level 4 in Axes
  1686 | D:3      | Reached skill level 1 in Stealth
  1686 | D:3      | Gained mutation: You are mostly covered in sharp spines. [demonic ancestry]
  1686 | D:3      | Reached XP level 5. HP: 37/41 MP: 5/5
  2031 | D:4      | Reached *** piety under Trog
  2089 | D:4      | Found a glowing drain.
  2100 | D:4      | Gained mutation: You have a pair of small antennae on your head. [demonic ancestry]
  2100 | D:4      | Reached XP level 6. HP: 29/48 MP: 6/6
  2128 | Sewer    | Entered a sewer
  2308 | Sewer    | Reached **** piety under Trog
  2421 | Sewer    | Reached skill level 5 in Axes
  2424 | Sewer    | Gained mutation: You have a pair of antennae on your head. [demonic ancestry]
  2424 | Sewer    | Reached XP level 7. HP: 54/54 MP: 7/7
  3382 | D:5      | Entered Level 5 of the Dungeon
  3475 | D:5      | Reached skill level 6 in Axes
  3567 | D:5      | Reached ***** piety under Trog
  3796 | D:6      | Noticed Pikel
  3806 | D:6      | Killed Pikel
  3806 | D:6      | Reached skill level 5 in Fighting
  3806 | D:6      | Reached skill level 7 in Axes
  3806 | D:6      | Gained mutation: You are mostly covered in slimy green scales. (AC +3) [demonic ancestry]
  3806 | D:6      | Reached XP level 8. HP: 62/62 MP: 8/8
  3840 | D:6      | Found Sarisoid's Weapon Shoppe.
  3878 | D:6      | Found an ancient bone altar of Kikubaaqudgha.
  3962 | D:6      | Reached skill level 8 in Axes
  4086 | D:6      | Found Ytsoa's Assorted Antiques.
  4104 | D:6      | Bought a flickering glass ring for 90 gold pieces
  4104 | D:6      | Identified the ring "Sauttuli" {*Corrode rPois rC+ Int+9 Stlth-} (You bought it in a shop on level 6 of the Dungeon)
  4105 | D:6      | Bought a tubular brass ring for 90 gold pieces
  4318 | D:7      | Slain by an orc warrior

Vault maps used:
D:1:      ncdulo_watergridlock
D:2:      old_standard_altar, hex_intersection
D:3:      first_ration, minivault_11
D:4:      cheibrodos_sewer_entry_drain
D:6:      kiku_gazebo_pond_becter, serial_shops, nicolae_shop_window_shopping,
          shop, uniq_pikel
D:7:      elyvilon_altar_3, lemuel_mausoleum_altar_yredelemnul,
          lemuel_crystal_altar, minmay_temple_entry_crystal_x, grunt_ogre_cave,
          hangedman_decor_clover_reticule, uniq_duvessa
Sewer:    sewer_frog_island_02

Skill      XL: |  1  2  3  4  5  6  7  8 |
---------------+-------------------------+-----
Armour         | 2 3 4 |  4.2
Axes           | 3 4 5 7 8 |  8.3
Dodging        | 2 3 |  3.7
Stealth        | 1 2 |  2.1
Fighting       | 4 5 |  5.8

Action                   |  1- 3 |  4- 6 |  7- 9 || total
-------------------------+-------+-------+-------++-------
Melee: Hand axe          |   111 |   134 |   127 ||   372
Invok: Berserk           |     1 |     4 |     3 ||     8
  Use: Potion            |     1 |       |       ||     1
       Scroll            |       |     4 |     1 ||     5
 Stab: Sleeping          |     1 |       |     2 ||     3
  Eat: Chunk             |     2 |     7 |    10 ||    19
Armor: Animal skin       |     5 |       |       ||     5
       Ring mail         |    32 |     9 |       ||    41
       Scale mail        |       |    34 |    23 ||    57
       Leather armour    |       |       |    13 ||    13
Dodge: Dodged            |    83 |    73 |    76 ||   232

Table legend:
 A = Non-vault XP
 B = Vault XP
 C = Vault XP percentage of total XP
 D = Non-vault monster count
 E = Vault monster count
 F = Vault count percentage of total count
                 A         B        C        D         E       F
            +---------+---------+-------+---------+---------+-------
      Total |    1796 |     981 |  35.3 |     131 |      42 |  24.3
            +---------+---------+-------+---------+---------+-------
        D:1 |      24 |       0 |   0.0 |      12 |       0 |   0.0
        D:2 |      70 |       0 |   0.0 |      13 |       0 |   0.0
        D:3 |     226 |       0 |   0.0 |      42 |       0 |   0.0
        D:4 |     212 |       3 |   1.4 |      23 |       2 |   8.0
        D:5 |     513 |       0 |   0.0 |      21 |       0 |   0.0
        D:6 |     522 |     641 |  55.1 |      13 |       1 |   7.1
        D:7 |     229 |       0 |   0.0 |       7 |       0 |   0.0
      Sewer |       0 |     337 | 100.0 |       0 |      39 | 100.0
            +---------+---------+-------+---------+---------+-------
